 Dungeon Crawl Stone Soup version 0.29-a0-719-g0fec994a2d (webtiles) character file.

Game seed: 10752007787071565161

362 Bruhh the Cudgeller (level 6, -2/59 HPs)
             Began as an Ogre Gladiator on June 22, 2022.
             Was an Initiate of the Shining One.
             Slain by Edmund
             ... wielding a +0 vorpal dire flail
              (5 damage)
             ... on level 4 of the Dungeon on June 27, 2022.
             The game lasted 00:09:13 (6084 turns).

Bruhh the Cudgeller (Ogre Gladiator)                Turns: 6084, Time: 00:09:14

Health: -2/59      AC:  3    Str: 21    XL:     6   Next: 66%
Magic:  5/5        EV: 10    Int:  9    God:    the Shining One [......]
Gold:   192        SH:  5    Dex: 16    Spells: 5/5 levels left

rFire   . . .      SeeInvis .   e - +4 dagger "Killer Bee's Death" {flame, rElec rPois Stlth+}
rCold   . . .      Faith    .   (no shield)
rNeg    . . .      Spirit   .   b - +0 robe
rPois   +          Reflect  +   c - +0 hat
rElec   +          Harm     .   (no cloak)
rCorr   .          Rampage  .   (gloves unavailable)
Will    .....                   (boots unavailable)
Stlth   +.........              g - amulet of reflection
HPRegen 0.19/turn               i - +6 ring of dexterity
MPRegen 0.09/turn               (no ring)

@: glowing
A: large, unfitting armour, tough skin 1, low MP 1, evolution 1
a: Renounce Religion


You were on level 4 of the Dungeon.
You worshipped the Shining One.
The Shining One was noncommittal.
You visited 2 branches of the dungeon, and saw 6 of its levels.

You collected 192 gold pieces.

Inventory:

Hand Weapons
 a - a +0 flail
 e - the +4 dagger "Killer Bee's Death" (weapon) {flame, rElec rPois Stlth+}
   (You found it on level 4 of the Dungeon)

   It burns those it strikes, dealing additional fire damage.
   rElec:     It insulates you from electricity.
   rPois:     It protects you from poison.
   Stlth:     It makes you more stealthy.
Armour
 b - a +0 robe (worn)
 c - a +0 hat (worn)
Jewellery
 f - a ring of ice
 g - an amulet of reflection (around neck)
 i - a +6 ring of dexterity (left hand)
Scrolls
 j - a scroll of enchant armour
 n - 2 scrolls of amnesia
 v - a scroll of noise
 w - a scroll of magic mapping
Potions
 o - a potion of attraction
 s - 2 potions of flight
 x - 2 potions of degeneration


   Skills:
 - Level 2.6 Fighting
 + Level 6.6 Maces & Flails
 - Level 2.0 Throwing
 - Level 2.6 Dodging


You had 5 spell levels left.
You didn't know any spells.
Your spell library contained the following spells:

 Spells                   Type           Power      Damage    Failure   Level
 Summon Forest            Summ/Tloc      0%         N/A       100%        5
 Eringya's Noxious Bog    Tmut/Pois      0%         N/A       100%        6
 Summon Hydra             Summ           0%         N/A       100%        7


Dungeon Overview and Level Annotations

Branches:
Dungeon (5/15)             Temple (1/1) D:4

Altars:
Cheibriados
Kikubaaqudgha
Makhleb
Sif Muna
Uskayaw
Vehumet
Wu Jian
Yredelemnul
The Shining One

Shops:
D:1 *   D:4 =

Annotations:
D:4 Edmund


Innate Abilities, Weirdness & Mutations

You are too large for most types of armour.
You have tough skin. (AC +1)
Your magical capacity is low. (-10% MP)
You have hidden genetic potential.


Message History

Edmund clears his throat.
Edmund barely misses you.
Throw: throwing net
Press: ? - help, Shift-Dir - straight line, f/p - Edmund
Aim: Edmund, wielding a +0 vorpal dire flail and wearing a +0 leather armour (lightly wounded, 62% to hit)
You throw a throwing net. The throwing net hits Edmund.
Edmund is caught in the net!
Edmund is lightly wounded.
Edmund struggles against the net.
You hit Edmund. You burn Edmund.
Edmund is lightly wounded.
Edmund struggles against the net.
You hit Edmund but do no damage.
Edmund is lightly wounded.
Edmund struggles against the net.
You hit Edmund. You burn Edmund.
Edmund is moderately wounded.
Edmund struggles against the net.
You hit Edmund. You burn Edmund.
Edmund is moderately wounded.
Edmund struggles against the net.
You hit Edmund. You burn Edmund.
Edmund is heavily wounded.
Edmund struggles against the net.
The net rips apart, and Edmund comes free!
You completely miss Edmund.
Edmund is heavily wounded.
Edmund hits you with a +0 vorpal dire flail!
* * * LOW HITPOINT WARNING * * *
x2 You hit Edmund.
You burn Edmund.
Edmund is heavily wounded.
Edmund hits you with a +0 vorpal dire flail.
* * * LOW HITPOINT WARNING * * *
x2 You hit Edmund.
You burn Edmund.
Edmund is severely wounded.
Edmund barely misses you.
You hit Edmund. You burn Edmund.
Edmund is severely wounded.
Edmund hits you with a +0 vorpal dire flail.
You die...

####...........................
###.....##.......................
......#####......................
#....## ##.............##.......
....## ##......#####...####.....
##..# #.......## ##..# ###...
###.#####........#####..# ##...
#..##......<..........## ##..#.
##............@@.....(.###...##
#....####.#####...........###
##.### #..###............# # #..#
##................# # #.##
#)..#######.......#### #.#
##..##PPP##............ ##.#
##...#P...P#.........#.#
###..#####....#P.>..'............
............#.#P...P#............


You could see Edmund.

Vanquished Creatures
  Sigmund (D:4)
  A scorpion (D:4)
  A necrophage (D:4)
  A jelly (D:4)
  An adder (D:3)
  A dart slug (D:4)
  10 endoplasms
  4 goblins
  2 hobgoblins
  10 kobolds
  A quokka (D:3)
  3 ball pythons
  4 bats
  6 frilled lizards
  3 rats
49 creatures vanquished.

Vanquished Creatures (others)
  A plant (D:4)
1 creature vanquished.

Grand Total: 50 creatures vanquished

Notes
Turn   | Place    | Note
-------+----------+-------------------------------------------
     0 | D:1      | Bruhh the Ogre Gladiator began the quest for the Orb.
     0 | D:1      | Reached XP level 1. HP: 22/22 MP: 1/1
    81 | D:1      | Found Bocitoxt's Assorted Antiques.
   245 | D:1      | Reached skill level 3 in Maces & Flails
   569 | D:1      | Reached XP level 2. HP: 29/29 MP: 2/2
   762 | D:1      | Found a faded altar of an unknown god.
  1457 | D:2      | Reached XP level 3. HP: 36/36 MP: 3/3
  1945 | D:3      | HP: 1/36 [poisoned by an adder]
  1955 | D:3      | Reached skill level 4 in Maces & Flails
  2014 | D:3      | Upgraded the game from 0.29-a0-659-g28b9d68c38 to
                  | 0.29-a0-666-g26d293caef
  2264 | D:3      | Found a burning altar of Makhleb.
  2265 | D:3      | Found a radiant altar of Vehumet.
  2265 | D:3      | Found an ancient bone altar of Kikubaaqudgha.
  3039 | D:4      | Found a hide-covered altar of Uskayaw.
  3100 | D:4      | Reached XP level 4. HP: 20/44 MP: 4/4
  3339 | D:4      | Noticed a necrophage
  3359 | D:4      | Killed a necrophage
  3360 | D:4      | Reached skill level 5 in Maces & Flails
  3360 | D:4      | Reached XP level 5. HP: 38/50 MP: 5/5
  4083 | D:4      | Noticed Sigmund
  5007 | D:4      | Upgraded the game from 0.29-a0-666-g26d293caef to
                  | 0.29-a0-719-g0fec994a2d
  5080 | D:4      | Killed Sigmund
  5081 | D:4      | Reached skill level 6 in Maces & Flails
  5081 | D:4      | Reached XP level 6. HP: 50/59 MP: 6/6
  5210 | D:4      | Found a staircase to the Ecumenical Temple.
  5243 | D:4      | Noticed Edmund
  5247 | D:4      | Gained mutation: You have hidden genetic potential. [potion
                  | of mutation]
  5247 | D:4      | Gained mutation: Your magical capacity is low. (-10% MP)
                  | [potion of mutation]
  5256 | D:4      | Identified the +4 dagger "Killer Bee's Death" {flame, rElec
                  | rPois Stlth+}
  5536 | D:4      | Found Pechov's Jewellery Shoppe.
  5589 | Temple   | Entered the Ecumenical Temple
  5612 | Temple   | Became a worshipper of the Shining One
  5653 | D:5      | Entered Level 5 of the Dungeon
  6084 | D:4      | Slain by Edmund

Illustrated notes

Levels and vault maps discovered:
D:1:      sevenhm_arrival_forest_fort_small_3, layout_loops_ring, serial_shops,
          shop, ebering_ecumenical_altar_webs
D:2:      layout_loops_ring, minmay_tripent
D:3:      layout_basic, chequers_temple_overflow_statue_of_worship,
          serial_corexii_hall, corexii_hall_statues_x, corexii_hall_statues_l,
          roderic_roman_lattice, kennysheep_generic_room_12
D:4:      layout_layer_cave, marbit_many_paths,
          minmay_temple_entry_enclosed_plants, minmay_shop_enchanted_jewellery,
          sigmund_edmund_badplayer, uniq_edmund
D:5:      kennysheep_kobold_camp, layout_basic,
          nicolae_concentric_dashed_squares_mild
Temple:   regret_index_temple_waves

Skill      XL: |  1  2  3  4  5 |
---------------+----------------+-----
Maces & Flails | 3 4 5 6 |  6.6
Fighting       | |  2.6
Throwing       | |  2.0
Dodging        | |  2.6

Action                   |  1- 3 |  4- 6 || total
-------------------------+-------+-------++-------
Melee: Flail             |   127 |    42 ||   169
       Dagger            |       |    16 ||    16
       Punch             |       |     1 ||     1
Throw: Throwing net      |     2 |     4 ||     6
       Large rock        |       |     1 ||     1
  Use: Potion            |     2 |     9 ||    11
       Scroll            |       |    11 ||    11
 Stab: Sleeping          |     1 |       ||     1
       Invisible         |       |     1 ||     1
Armor: Robe              |    40 |     5 ||    45
Dodge: Dodged            |    92 |    23 ||   115
Block: Other             |       |     7 ||     7

Table legend: (Time is in decaauts)
 A = Elapsed time spent in this place.
 B = Non-inter-level travel time spent in this place.
 C = Inter-level travel time spent in this place.
 D = Time resting spent in this place.
 E = Time spent auto-exploring this place.
 F = Levels seen in this place.
 G = Mean time per level.
                   A        B        C        D        E       F      G
               +--------+--------+--------+--------+--------+-----+--------+
         Total |   6118 |   5894 |    224 |    741 |   4470 |   6 | 1019.7 |
       Dungeon |   6075 |   5869 |    206 |    741 |   4455 |   5 | 1215.0 |
        Temple |     42 |     24 |     18 |      0 |     15 |   1 |   42.0 |
               +--------+--------+--------+--------+--------+-----+--------+

Top non-repeatable levels by time:
     D:4: 2267 daAuts
     D:3: 1862 daAuts
     D:1: 978 daAuts
     D:2: 955 daAuts
  Temple: 42 daAuts
     D:5: 11 daAuts
